 Dungeon Crawl Stone Soup version 0.29-a0-474-gdfe5cd140f (webtiles) character file.

Game seed: 11883255021474155156

864 siradein the Geomancer (level 7, -5/55 HPs)
             Began as a Deep Dwarf Earth Elementalist on May 23, 2022.
             Killed by divine providence
             ... invoked by an orc priest
              (12 damage)
             ... on level 4 of the Dungeon.
             The game lasted 00:08:27 (3688 turns).

siradein the Geomancer (DDEE)                       Turns: 3688, Time: 00:08:28

Health: -5/55      AC:  5    Str: 12    XL:     7   Next: 72%
Magic:  6/8        EV: 16    Int: 17    God:
Gold:   124        SH:  0    Dex: 13    Spells: 5/9 levels left

rFire   . . .      SeeInvis .   l - +2 mace (venom)
rCold   . . .      Faith    .   (no shield)
rNeg    . . .      Spirit   .   h - +0 leather armour
rPois   .          Reflect  .   w - +0 helmet
rElec   .          Harm     .   (no cloak)
rCorr   .          Rampage  .   (no gloves)
Will    ++...                   m - +0 pair of boots
Stlth   ++........              (no amulet)
HPRegen 0.00/turn               n - ring of willpower
MPRegen 0.11/turn               p - +4 ring of evasion

@: no status effects
A: damage resistance, heal wounds, sense surroundings 1, no regeneration
a: Heal Wounds


You were on level 4 of the Dungeon.
You visited 1 branch of the dungeon, and saw 4 of its levels.

You collected 124 gold pieces.

Inventory:

Hand Weapons
 l - a +2 mace of venom (weapon)
Missiles
 a - 81 stones
Armour
 h - a +0 leather armour (worn)
 m - a +0 pair of boots (worn)
 w - a +0 helmet (worn)
Jewellery
 n - a ring of willpower (left hand)
 p - a +4 ring of evasion (right hand)
 B - a ring of protection from fire
Wands
 o - a wand of polymorph (19)
 z - a wand of flame (15)
Scrolls
 f - 2 scrolls of identify {unknown}
 i - a scroll of blinking {unknown}
 j - a scroll of magic mapping {unknown}
 k - 2 scrolls of silence
 q - 4 scrolls of enchant armour {unknown}
 s - a scroll of teleportation {unknown}
 t - 2 scrolls of vulnerability {unknown}
 x - 2 scrolls of immolation {unknown}
 y - a scroll of torment {unknown}
 C - a scroll of acquirement {unknown}
 D - a scroll of enchant weapon {unknown}
Potions
 b - a potion of haste {unknown}
 c - a potion of magic
 d - 2 potions of mutation {unknown}
 e - 4 potions of heal wounds {unknown}
 g - 5 potions of curing {unknown}
 r - 2 potions of ambrosia {unknown}
 u - a potion of lignification {unknown}
 v - a potion of berserk rage {unknown}
 A - a potion of attraction {unknown}


   Skills:
 - Level 2.1 Dodging
 - Level 2.4 Stealth
 - Level 1.7 Spellcasting
 - Level 5.0 Conjurations
 - Level 0.8 Transmutations
 + Level 9.7 Earth Magic


You had 5 spell levels left.
You knew the following spells:

 Your Spells              Type           Power      Damage    Failure   Level
a - Sandblast             Erth           68%        2d15      1%          1
b - Stone Arrow           Conj/Erth      52%        3d10      3%          3

Your spell library contained the following spells:

 Spells                   Type           Power      Damage    Failure   Level
 Passwall                 Tmut/Erth      15%        N/A       4%          2
 Foxfire                  Conj/Fire      36%        2x1d5     9%          1
 Conjure Flame            Conj/Fire      9%         6-21      26%         3
 Petrify                  Tmut/Erth      19%        N/A       28%         4
 Inner Flame              Hex/Fire       1%         N/A       58%         3
 Ozocubu's Armour         Ice            1%         N/A       58%         3
 Flame Wave               Conj/Fire      9%         2d5       65%         4
 Freezing Cloud           Conj/Ice/Air   3%         6-21      98%         5
 Metabolic Englaciation   Hex/Ice        0%         N/A       100%        5
 Simulacrum               Ice/Necr       0%         N/A       100%        6
 Polar Vortex             Ice            0%         N/A       100%        9


Dungeon Overview and Level Annotations

Branches:
Dungeon (4/15)
 Temple: D:4-7

Altars:
Dithmenos
Gozag
Ru

Annotations:
D:2 1 runed translucent door, Crazy Yiuf


Innate Abilities, Weirdness & Mutations

You are resistant to damage.
You can heal yourself by infusing magical energy.
You passively map a small area around you.
You do not regenerate.


Message History

A ball python comes into view.
A ball python is nearby!
A ball python is nearby!
A ball python is nearby!
Casting: Sandblast (safe; 1% risk of failure)
Confirm with . or Enter, or press ? or * to list all spells.
Aiming: Sandblast (safe; 1% risk of failure)
Press: ? - help, Shift-Dir - straight line, f - ball python
Aim: a ball python (wandering, hasn't noticed you, 80% to hit)
The blast of sand hits the ball python!!
You kill the ball python!
Unknown command.
Magic restored.
Things that are here:
a +0 hand axe; an orc corpse You see here a +0 leather armour.
An orc priest is nearby!
An orc priest is nearby!
An orc priest is nearby!
An orc priest is nearby!
The orc priest shouts!
Casting: Sandblast (safe; 1% risk of failure)
Confirm with . or Enter, or press ? or * to list all spells.
Aiming: Sandblast (safe; 1% risk of failure)
Press: ? - help, Shift-Dir - straight line, f - orc priest
Aim: an orc priest, wielding a +0 hand axe (82% to hit)
The blast of sand hits the orc priest.
The orc priest is lightly wounded.
The orc priest invokes the aid of Beogh against you.
You resist with almost no effort.
Casting: Sandblast (safe; 1% risk of failure)
Confirm with . or Enter, or press ? or * to list all spells.
Aiming: Sandblast (safe; 1% risk of failure)
Press: ? - help, Shift-Dir - straight line, f/p - orc priest
Aim: an orc priest, wielding a +0 hand axe (lightly wounded, 82% to hit)
The blast of sand hits the orc priest.
The orc priest is moderately wounded.
The orc priest mumbles some strange prayers to Beogh against you.
Beogh smites you!
You die...

###..###.......###....###.
#............)#...#..#...#
####.###......#.⌠.#..#.⌠.#
#....#.......#...#≈≈#...#
#............≈###≈≈≈≈###≈
#....#........≈≈≈≈≈≈≈≈≈≈.
#....#........≈≈≈≈≈≈≈≈≈≈.
######.......≈###≈≈≈≈###≈
#..@....#. #≈≈#...#
#.......#. #..#.⌠.#
#.......#. ,#..#...#
#.....o..##*....###.
####....... ........
#.##### ####... .. #...
#.#* , #... , #...


You could see an orc priest.

Vanquished Creatures
  Sigmund (D:3)
  Eustachio (D:4)
  2 black bears (D:4)
  A howler monkey (D:3)
  A hound (D:4)
  An orc priest (D:4)
  Terence (D:2)
  Natasha (thrice) (D:2)
  Robin (D:3)
  6 adders
  An ufetubus (D:4)
  2 worms
  6 dart slugs
  8 orcs
  9 ball pythons
  3 endoplasms
  3 giant cockroaches
  13 goblins
  2 hobgoblins
  6 jackals
  3 quokkas
  5 bats
  9 frilled lizards (D:2)
  3 kobolds
  7 rats
98 creatures vanquished.

Vanquished Creatures (others)
  8 plants (D:2)
8 creatures vanquished.

Grand Total: 106 creatures vanquished

Notes
Turn   | Place    | Note
-------+----------+-------------------------------------------
     0 | D:1      | siradein the Deep Dwarf Earth Elementalist began the quest
                  | for the Orb.
     0 | D:1      | Reached XP level 1. HP: 15/15 MP: 3/3
   164 | D:1      | Reached XP level 2. HP: 22/22 MP: 2/4
   319 | D:1      | Reached skill level 5 in Earth Magic
   383 | D:1      | Found a faded altar of an unknown god.
   921 | D:2      | Found a runed translucent door.
   922 | D:2      | Noticed Crazy Yiuf
   947 | D:2      | Reached XP level 3. HP: 26/28 MP: 3/5
   954 | D:2      | Learned a level 3 spell: Stone Arrow
  1201 | D:2      | Noticed Terence
  1209 | D:2      | Killed Terence
  1210 | D:2      | Reached skill level 6 in Earth Magic
  1280 | D:2      | Noticed Natasha
  1291 | D:2      | Killed Natasha
  1292 | D:2      | Reached skill level 1 in Conjurations
  1292 | D:2      | Reached XP level 4. HP: 3/36 MP: 3/6
  1439 | D:2      | Noticed Natasha
  1446 | D:2      | Killed Natasha
  1557 | D:2      | Noticed Natasha
  1562 | D:2      | Killed Natasha
  1563 | D:2      | Reached XP level 5. HP: 28/42 MP: 3/6
  1793 | D:2      | Reached skill level 7 in Earth Magic
  1885 | D:3      | Noticed Robin
  2011 | D:3      | Found a sacrificial altar of Ru.
  2014 | D:3      | Noticed Sigmund
  2018 | D:3      | Killed Sigmund
  2019 | D:3      | Reached XP level 6. HP: 33/49 MP: 3/7
  2212 | D:3      | Found an opulent altar of Gozag.
  2227 | D:3      | Reached skill level 8 in Earth Magic
  2553 | D:3      | Killed Robin
  3130 | D:4      | Found a shadowy altar of Dithmenos.
  3205 | D:4      | Reached XP level 7. HP: 36/55 MP: 5/8
  3379 | D:4      | Noticed Eustachio
  3424 | D:4      | Killed Eustachio
  3425 | D:4      | Reached skill level 9 in Earth Magic
  3563 | D:4      | Reached skill level 5 in Conjurations
  3688 | D:4      | Killed from afar by an orc priest

Illustrated notes

Levels and vault maps discovered:
D:1:      amcnicky_arrival_choice, layout_basic,
          hellmonk_ecumenical_altar_inner_sanctum
D:2:      layout_basic, minmay_lizard_king, uniq_crazy_yiuf_cottage,
          uniq_natasha, uniq_terence
D:3:      layout_loops_cross, mainiacjoe_overflow_alcove_1,
          grunt_gozag_breadcrumbs, uniq_robin, uniq_sigmund
D:4:      layout_basic, grunt_dithmenos_smoke_and_mirrors,
          minmay_temple_entry_trees, fountainhead, uniq_eustachio

Skill      XL: |  1  2  3  4  5  6  7 |
---------------+----------------------+-----
Earth Magic    | 5 6 7 8 9 |  9.7
Conjurations   | 1 2 3 4 5 |  5.0
Dodging        | |  2.1
Stealth        | |  2.4
Spellcasting   | |  1.7
Transmutations | |  0.8

Action                   |  1- 3 |  4- 6 |  7- 9 || total
-------------------------+-------+-------+-------++-------
Melee: Unarmed           |     3 |       |       ||     3
       Punch             |     1 |       |       ||     1
       Mace              |       |       |     5 ||     5
 Cast: Sandblast         |    46 |    71 |    16 ||   133
       Stone Arrow       |       |       |     4 ||     4
 Abil: Heal Wounds       |       |     1 |       ||     1
  Use: Scroll            |       |     1 |       ||     1
Armor: Robe              |     2 |       |       ||     2
       Leather armour    |       |     1 |    13 ||    14
Dodge: Dodged            |     2 |    10 |    40 ||    52

Table legend: (Time is in decaauts)
 A = Elapsed time spent in this place.
 B = Non-inter-level travel time spent in this place.
 C = Inter-level travel time spent in this place.
 D = Time resting spent in this place.
 E = Time spent auto-exploring this place.
 F = Levels seen in this place.
 G = Mean time per level.
                   A        B        C        D        E       F      G
               +--------+--------+--------+--------+--------+-----+--------+
         Total |   3688 |   3592 |     96 |     65 |   2858 |   4 |  922.0 |
       Dungeon |   3688 |   3592 |     96 |     65 |   2858 |   4 |  922.0 |
               +--------+--------+--------+--------+--------+-----+--------+

Top non-repeatable levels by time:
     D:2: 1141 daAuts
     D:3: 1029 daAuts
     D:1: 800 daAuts
     D:4: 716 daAuts
